General information
- name: BNet
- type: Ladder team game (AT/RT)
- host: Battle.net
- saver: hackersupndown
map: PhantomGrove
- players: 4
- length: 19:43
- speed: Fast
- version: 1.26 W3XP
- replay type: Public
» download(147 KB)
Players
team 1 (loser)

»
GeorgeCarlin (
pink | 131 APM | 2571 actions | 19:41)
5 Demon Hunter
3 Mana Burn
2 Evasion
5 Naga Sea Witch
3 Frost Arrows
2 Forked Lightning
» actions
| Assign group hotkey | 93 | |
| Basic commands | 1 | |
| Build / train | 81 | |
| Enter build submenu | 15 | |
| Enter hero's abilities submenu | 11 | |
| Give item / drop item | 6 | |
| Remove unit from queue | 6 | |
| Right click | 1648 | |
| Select / deselect | 451 | |
| Select group hotkey | 148 | |
| Use ability | 111 | |
2571 total
» units
| Wisp | 22 | |
| Archer | 5 | |
| Dryad | 3 | |
| Druid of the Claw | 7 | |
37 total
» upgrades
| Abolish Magic | 1 | |
| Strength of the Wild | 2 | |
| Reinforced Hides | 1 | |
| Druid of the Claw Training | 2 | |
| Well Spring | 1 | |
7 total
» buildings
| Altar of Elders | 1 | |
| Moon Well | 6 | |
| Ancient of War | 1 | |
| Tree of Ages | 1 | |
| Ancient of Wonders | 2 | |
| Tree of Life | 1 | |
| Hunter's Hall | 1 | |
| Ancient of Lore | 2 | |
| Tree of Eternity | 1 | |
| Ancient Protector | 1 | |
17 total
» build order
00:07 Altar of Elders
00:17 Moon Well
00:40 Ancient of War
01:32 Moon Well
03:04 Tree of Ages
03:52 Ancient of Wonders
04:05 Moon Well
04:40 Tree of Life
05:11 Hunter's Hall
06:19 Ancient of Lore
06:21 Ancient of Lore
07:13 Ancient of Wonders
09:31 Tree of Eternity
11:06 Ancient Protector
11:57 Moon Well
11:59 Moon Well
12:00 Moon Well
» items
| Dust of Appearance | 2 | |
| Potion of Healing | 3 | |
| Staff of Preservation | 2 | |
| Scroll of Town Portal | 4 | |
| Orb of Venom | 1 | |
12 total
Kayo[GGL] (
yellow | 192 APM | 3743 actions | 19:31)
4 Blademaster
2 Wind Walk
2 Critical Strike
3 Shadow Hunter
1 Hex
2 Healing Wave
» actions
| Assign group hotkey | 57 | |
| Basic commands | 1 | |
| Build / train | 85 | |
| Enter build submenu | 12 | |
| Enter hero's abilities submenu | 8 | |
| Give item / drop item | 5 | |
| Remove unit from queue | 1 | |
| Right click | 875 | |
| Select / deselect | 465 | |
| Select group hotkey | 2075 | |
| Use ability | 159 | |
3743 total
» units
| Peon | 7 | |
| Grunt | 12 | |
| Raider | 8 | |
| Spirit Walker | 8 | |
| Kodo Beast | 1 | |
36 total
» upgrades
| Berserker Strength | 1 | |
| Ensnare | 1 | |
| Spirit Walker Training | 1 | |
| Armor | 2 | |
5 total
» buildings
| Altar of Storms | 1 | |
| Orc Burrow | 6 | |
| Voodoo Lounge | 1 | |
| Barracks | 1 | |
| Stronghold | 1 | |
| Beastiary | 1 | |
| Spirit Lodge | 1 | |
| War Mill | 1 | |
13 total
» build order
00:06 Altar of Storms
00:17 Orc Burrow
01:12 Voodoo Lounge
01:23 Barracks
03:00 Stronghold
03:19 Orc Burrow
03:55 Orc Burrow
05:32 Beastiary
05:38 Spirit Lodge
08:25 Orc Burrow
09:37 War Mill
11:20 Orc Burrow
12:52 Orc Burrow
» items
| Healing Salve | 6 | |
| Lesser Clarity Potion | 10 | |
| Scroll of Speed | 6 | |
| Boots of Speed | 1 | |
| Potion of Lesser Invulnerability | 1 | |
| Scroll of Town Portal | 4 | |
| Potion of Healing | 2 | |
| Scroll of Healing | 1 | |
| Moonstone | 2 | |
33 total
team 2 (winner)

»
hackersupndown (
orange | 174 APM | 3431 actions | 19:43)
5 Demon Hunter
3 Mana Burn
2 Evasion
4 Keeper of the Grove
2 Entangling Roots
2 Thorns Aura
» actions
| Assign group hotkey | 40 | |
| Basic commands | 1 | |
| Build / train | 78 | |
| ESC pressed | 6 | |
| Enter build submenu | 18 | |
| Enter hero's abilities submenu | 9 | |
| Give item / drop item | 4 | |
| Right click | 1429 | |
| Select / deselect | 709 | |
| Select group hotkey | 1030 | |
| Use ability | 107 | |
3431 total
» units
» upgrades
| Abolish Magic | 1 | |
| Strength of the Wild | 2 | |
| Nature's Blessing | 1 | |
| Reinforced Hides | 1 | |
5 total
» buildings
| Altar of Elders | 1 | |
| Moon Well | 8 | |
| Hunter's Hall | 1 | |
| Ancient of War | 2 | |
| Tree of Ages | 3 | |
| Ancient of Wonders | 1 | |
| Ancient of Lore | 3 | |
| Tree of Life | 1 | |
20 total
» build order
00:03 Altar of Elders
00:19 Moon Well
01:38 Hunter's Hall
01:43 Ancient of War
02:01 Moon Well
02:11 Moon Well
02:53 Tree of Ages
03:59 Moon Well
04:05 Ancient of Wonders
05:18 Ancient of Lore
05:18 Ancient of Lore
06:41 Moon Well
08:54 Tree of Life
10:15 Moon Well
10:32 Ancient of Lore
10:33 Moon Well
11:51 Ancient of War
15:43 Moon Well
» items
| Staff of Preservation | 1 | |
| Healing Salve | 1 | |
| Scroll of Town Portal | 1 | |
| Scroll of Healing | 3 | |
| Potion of Lesser Invulnerability | 1 | |
7 total

»
McNuggetsIsBack (
blue | 78 APM | 1529 actions | 19:42)
5 Blademaster
2 Wind Walk
3 Critical Strike
4 Shadow Hunter
2 Healing Wave
2 Hex
» actions
| Assign group hotkey | 22 | |
| Basic commands | 174 | |
| Build / train | 60 | |
| ESC pressed | 6 | |
| Enter build submenu | 13 | |
| Enter hero's abilities submenu | 9 | |
| Right click | 871 | |
| Select / deselect | 227 | |
| Select group hotkey | 53 | |
| Use ability | 93 | |
1529 total
» units
| Peon | 7 | |
| Grunt | 11 | |
| Raider | 5 | |
| Spirit Walker | 3 | |
| Kodo Beast | 3 | |
29 total
» upgrades
| Berserker Strength | 1 | |
| Ensnare | 1 | |
| Spirit Walker Training | 1 | |
| Armor | 2 | |
| Melee Weapons | 2 | |
7 total
» buildings
| Altar of Storms | 1 | |
| Orc Burrow | 4 | |
| Barracks | 1 | |
| Stronghold | 2 | |
| Voodoo Lounge | 1 | |
| War Mill | 1 | |
| Beastiary | 1 | |
| Spirit Lodge | 1 | |
12 total
» build order
00:06 Altar of Storms
00:16 Orc Burrow
00:42 Barracks
01:32 Orc Burrow
03:09 Stronghold
03:21 Voodoo Lounge
03:39 War Mill
04:28 Orc Burrow
04:47 Orc Burrow
05:32 Beastiary
05:35 Spirit Lodge
» items
| Healing Salve | 5 | |
| Lesser Clarity Potion | 2 | |
| Scroll of Speed | 1 | |
| Scroll of Town Portal | 1 | |
9 total
Chat log
(00:05 / All) hackersupndown: virgins
(00:09 / All) McNuggetsIsBack: fucking
(00:10 / All) McNuggetsIsBack: dan
(00:13 / All) McNuggetsIsBack: Noob hackers
(00:29 / All) hackersupndown: where did u two nerds meet?>
(00:31 / All) hackersupndown: comic con?
(00:43 / Allies) hackersupndown: mirror
(00:45 / Allies) McNuggetsIsBack: standard
(00:46 / Allies) McNuggetsIsBack: orc?
(00:48 / Allies) hackersupndown: yes
(00:52 / Allies) McNuggetsIsBack: why no
(00:53 / Allies) McNuggetsIsBack: tc
(00:54 / Allies) McNuggetsIsBack: hh?
(00:55 / All) GeorgeCarlin: ;]
(00:58 / All) GeorgeCarlin: from?
(01:00 / All) hackersupndown: ur lucky
(01:01 / All) hackersupndown: vetkid
(01:02 / All) hackersupndown: isnt here
(01:02 / All) McNuggetsIsBack: brazil
(01:09 / All) GeorgeCarlin: who?>
(01:13 / All) hackersupndown: u know who
(01:18 / All) GeorgeCarlin: wut
(01:23 / All) hackersupndown: kayo with the fake scout
(01:23 / All) GeorgeCarlin: nick has no dick
(01:24 / All) hackersupndown: awww yeaaaa
(01:29 / All) hackersupndown: whos nick?
(01:30 / All) hackersupndown: u?
(01:35 / All) GeorgeCarlin: so
(01:38 / All) GeorgeCarlin: rafael fernandez
(01:39 / All) GeorgeCarlin: ;o
(01:45 / All) hackersupndown: c00l
(01:52 / All) hackersupndown: kayo you hack i dont care
(01:53 / All) GeorgeCarlin: come on skype
(01:55 / All) GeorgeCarlin: so i can hear u cry
(01:57 / All) hackersupndown: stop fake scoutiung
(02:03 / All) hackersupndown: dont cry
(02:13 / Allies) McNuggetsIsBack: you want me to harass?
(02:16 / Allies) hackersupndown: go elf
(02:35 / All) hackersupndown: yea nerd\
(02:56 / Allies) hackersupndown: dont
(02:58 / Allies) hackersupndown: archer
(03:31 / All) hackersupndown: good try nerd
(03:49 / All) hackersupndown: durrr durr
(03:55 / All) GeorgeCarlin: kodo is that u?
(03:57 / All) hackersupndown: y
(05:07 / Allies) hackersupndown: go 50 food raider walker kodo
(05:09 / Allies) hackersupndown: and then feed me
(05:21 / Allies) McNuggetsIsBack: 4 grunts
(05:22 / Allies) McNuggetsIsBack: 2 kodos
(05:24 / Allies) hackersupndown: 1 kodo
(05:25 / Allies) hackersupndown: 2 rtaider
(05:26 / Allies) hackersupndown: 2 walker
(06:10 / Allies) hackersupndown: ..
(06:13 / Allies) McNuggetsIsBack: ?
(06:14 / Allies) hackersupndown: nvm
(06:20 / Allies) hackersupndown: b
(06:23 / Allies) hackersupndown: tp
(06:59 / All) GeorgeCarlin: il ldry
(07:00 / All) GeorgeCarlin: ;]
(07:01 / All) hackersupndown: no
(07:02 / All) hackersupndown: you wont
(07:14 / Allies) hackersupndown: i come
(07:16 / Allies) hackersupndown: 1 sec
(07:33 / Allies) hackersupndown: go
(07:33 / Allies) hackersupndown: go
(08:10 / Allies) hackersupndown: archers
(08:29 / All) GeorgeCarlin: ye
(08:50 / All) GeorgeCarlin: nodick nick
(08:59 / Allies) hackersupndown: go
(09:42 / Allies) hackersupndown: come
(10:48 / Allies) McNuggetsIsBack: hit?
(10:51 / Allies) hackersupndown: not yet
(11:43 / Allies) hackersupndown: u got staff?
(11:49 / Allies) McNuggetsIsBack: nop
(12:32 / Allies) hackersupndown: scroll
(13:24 / Allies) hackersupndown: fight..
(14:22 / All) hackersupndown: aka dks
(14:35 / Allies) McNuggetsIsBack: hit?
(14:38 / Allies) hackersupndown: sec
(14:59 / Allies) hackersupndown: b
(16:04 / Allies) hackersupndown: stay
(16:05 / Allies) hackersupndown: beyhind
(16:06 / Allies) hackersupndown: me
(16:10 / Allies) hackersupndown: go
(16:11 / Allies) hackersupndown: there
(16:12 / Allies) hackersupndown: infront
(16:16 / Allies) hackersupndown: infrot
(16:17 / Allies) hackersupndown: of me
(16:20 / Allies) hackersupndown: thgere
(16:25 / Allies) McNuggetsIsBack: kk
(16:28 / Allies) hackersupndown: go
(16:28 / Allies) hackersupndown: go
(17:11 / Allies) hackersupndown: wood
(19:29 / All) Kayo[GGL]: gg
(19:31 / All) hackersupndown: gg
(19:32 / All) McNuggetsIsBack: gg